AoeStats
← flynorc

Lombardia

507086462Analyzed
4v4 RM · 17d ago on Sep 16, 2026· 27m 23s· 8 players
Game mode
Random Map
Map size
Large (8 player)
Population
200
Speed
Normal
Resources
Standard
Victory
Conquest
Starting age
Dark Age
Ending age
Imperial Age
RankedLock teamsTeams togetherTeam positionsShared explorationLock speedFull tech treeHidden civsTurbo modeCheats
Victory
Defeat
🇩🇪 Portuguese · Germany
1565
+12
🇲🇽 Japanese · Mexico
1546
+13
🇨🇳 Shu · China
1546
+13
🇩🇪 Persians · Germany
1528
+13
🇩🇪 Franks · Germany
1519
-14
🇨🇭 Sicilians · Switzerland
1482
-13
🇲🇽 Georgians · Mexico
1449
-12
🇦🇹 Teutons · Austria
1446
-12
lorddoc
8:57 Loom
10:45 Feudal Age
15:44 Castle Age
14:15 Double-Bit Axe
19:18 Horse Collar
26:02 Wheelbarrow
25:53 Heavy Plow
Kempinho
10:54 Feudal Age
12:38 Loom
15:25 Castle Age
13:58 Double-Bit Axe
16:56 Bow Saw
18:27 Wheelbarrow
21:24 Hand Cart
23:38 Gold Mining
29:44 Imperial Age
27:20 Scale Barding Armor
27:26 Forging
flynorc
10:53 Feudal Age
11:37 Loom
12:25 Double-Bit Axe
14:49 Castle Age
12:58 Horse Collar
15:56 Bow Saw
24:18 Wheelbarrow
23:31 Town Watch
El Papá
6:33 Loom
9:03 Feudal Age
9:32 Double-Bit Axe
10:01 Double-Bit Axe
13:12 Horse Collar
16:41 Wheelbarrow
20:17 Castle Age
19:12 Gold Mining
19:17 Stone Mining
21:36 Bow Saw
23:00 Heavy Plow
24:34 Husbandry
25:33 Town Watch
26:06 Hand Cart
RKs Raggz
6:43 Loom
10:08 Feudal Age
10:15 Feudal Age
11:26 Double-Bit Axe
14:31 Castle Age
16:11 Horse Collar
22:32 Wheelbarrow
24:48 Heavy Plow
25:08 Gold Mining
26:21 Bow Saw
26:38 Hand Cart
26:41 Scale Mail Armor
26:52 Forging
28:08 Chain Mail Armor
Richman
8:42 Loom
10:28 Feudal Age
14:24 Castle Age
12:58 Double-Bit Axe
13:01 Horse Collar
25:21 Wheelbarrow
24:56 Bow Saw
25:00 Town Watch
29:11 Imperial Age
Bz_青红
13:03 Feudal Age
13:50 Double-Bit Axe
14:11 Horse Collar
16:47 Castle Age
18:57 Bow Saw
20:02 Heavy Plow
24:22 Wheelbarrow
24:40 Loom
24:57 Gold Mining
24:59 Stone Mining
25:44 Hand Cart
konstid
5:05 Loom
11:25 Feudal Age
14:58 Castle Age
14:03 Horse Collar
15:45 Double-Bit Axe
19:10 Bow Saw
25:16 Wheelbarrow
27:31 Hand Cart
27:29 Heavy Plow
Connection lost

Rejoining the realm…

Still unreachable

The connection could not be restored.

Session expired

The server has moved on; the page needs a fresh start.